 Dungeon Crawl Stone Soup version 0.30.1-3-gfc49f6343a (webtiles) character file.

Game seed: 11773124633279393266

105 cdecastro the Cudgeller (level 4, -8/38 HPs)
             Began as an Armataur Warper on Aug 1, 2023.
             Mangled by Terence
             ... wielding a +0 flail
              (11 damage)
             ... on level 3 of the Dungeon.
             The game lasted 00:02:42 (1846 turns).

cdecastro the Cudgeller (Armataur Warper)           Turns: 1846, Time: 00:02:42

Health: -8/38      AC:  4    Str: 18    XL:     4   Next: 54%
Magic:  6/6        EV:  9    Int: 19    God:
Gold:   104        SH:  0    Dex: 10    Spells: 6/6 levels left

rFire   . . .        a - +0 mace
rCold   . . .        (no shield)
rNeg    . . .        b - +0 leather armour
rPois   .            (no helmet)
rElec   .            (no cloak)
rCorr   .            (no gloves)
SInv    .            (no barding)
Will    .....        (no amulet)
Stlth   +            l - +6 ring of intelligence
HPRegen 0.26/turn    (no ring)
MPRegen 0.10/turn

%: roll
@: no status effects
A: large, rugged brown scales 3, deformed body, armoured tail, roll, long
tongue, awkward tongue
a: no special abilities


You were on level 3 of the Dungeon.
You visited 1 branch of the dungeon, and saw 3 of its levels.

You collected 104 gold pieces.

Inventory:

Hand Weapons
 a - a +0 mace (weapon)
Missiles
 d - 7 boomerangs of dispersal (quivered)
 q - 2 boomerangs
Armour
 b - a +0 leather armour (worn)
 e - a +0 pair of gloves
 m - a +2 hat
Jewellery
 l - a +6 ring of intelligence (left hand)
 o - a +5 ring of evasion
Scrolls
 c - a scroll of blinking
 f - a scroll of noise {unknown}
 h - a scroll of silence {unknown}
 i - a scroll of fog {unknown}
 j - a scroll of poison {unknown}
 k - a scroll of amnesia {unknown}
 n - 5 scrolls of identify {unknown}
 r - a scroll of teleportation {unknown}
Potions
 g - 2 potions of curing


   Skills:
 - Level 1.7 Fighting
 + Level 4.4 Maces & Flails
 - Level 0.8 Throwing
 - Level 1.2 Armour
 - Level 1.3 Dodging
 - Level 1.7 Spellcasting
 - Level 3.0 Translocations


You had 6 spell levels left.
You didn't know any spells.
Your spell library contained the following spells:

 Spells                   Type           Power      Damage    Failure   Level
 Blink                    Tloc           26%        N/A       9%          2
 Lesser Beckoning         Tloc           26%        N/A       9%          2
 Gell's Gravitas          Tloc           13%        N/A       19%         3
 Teleport Other           Tloc           13%        N/A       19%         3
 Sandblast                Erth           2%         2d4       21%         1
 Passwall                 Tmut/Erth      0%         N/A       30%         2
 Vhi's Electric Charge    Tloc/Air       14%        N/A       32%         3
 Stone Arrow              Conj/Erth      2%         3d7       52%         3
 Manifold Assault         Tloc           13%        N/A       52%         4
 Dispersal                Tloc           6%         N/A       100%        6


Dungeon Overview and Level Annotations

Branches:
Dungeon (3/15)

Altars:
Vehumet

Annotations:
D:2 1 runed translucent door, Crazy Yiuf
D:3 Terence


Innate Abilities, Weirdness & Mutations

You are completely covered in rugged brown scales. (AC +3, +7% HP)
Armour fits poorly on your strangely shaped body.
You have a long armoured tail.
You roll when moving toward enemies. (Rampage)
Your long tongue fully drains potion bottles. (2x potion effects)
Your tongue gives you trouble enunciating. (1.5x scroll delay)


Message History

You hit Terence but do no damage.
Terence is lightly wounded.
Terence hits you with a +0 flail!
* * * LOW HITPOINT WARNING * * *
You closely miss Terence.
Your tail-slap misses Terence.
Terence is lightly wounded.
Terence barely misses you.
You hit Terence but do no damage.
Terence is lightly wounded.
Terence barely misses you. Terence screams, "I want your blood!"
Terence barely misses you.
You hit Terence.
Terence is moderately wounded.
Terence hits you with a +0 flail.
* * * LOW HITPOINT WARNING * * *
It was a potion of curing.
You feel better.
You slurp down every last drop of the potion of curing!
Terence hits you with a +0 flail.
* * * LOW HITPOINT WARNING * * *
It was a potion of magic.
Magic courses through your body.
You slurp down every last drop of the potion of magic!
Terence closely misses you.
You hit Terence but do no damage.
Terence is moderately wounded.
Terence barely misses you.
You hit Terence.
Terence is heavily wounded.
Terence misses you.
You closely miss Terence.
Terence is heavily wounded.
Terence hits you with a +0 flail!
* * * LOW HITPOINT WARNING * * *
You hit Terence.
Terence is heavily wounded.
Terence closely misses you.
You closely miss Terence.
Terence is heavily wounded.
Terence hits you with a +0 flail!
You die...

####...............
#.##....###.####
#.###.#.###.## #)#
#.#......# #.#
#.#..##..### #.#
#.#..##..##.
##.###........##.
##...####..###.##.
#@....# #..# #....
#@......## ####.
..$......... #.
#.##.......### #) #
##.....## #.
##...## #. ##.## #.
.# #. #.


You could see Terence.

Vanquished Creatures
  Jessica (D:2)
  An adder (D:3)
  A worm (D:3)
  2 dart slugs
  2 orcs (D:3)
  8 endoplasms
  4 giant cockroaches
  7 hobgoblins
  6 kobolds
  3 quokkas
  3 ball pythons
  7 bats
  5 frilled lizards
  2 goblins (D:1)
  7 rats
59 creatures vanquished.

Notes
Turn   | Place    | Note
-------+----------+-------------------------------------------
     0 | D:1      | cdecastro the Armataur Warper began the quest for the Orb.
     0 | D:1      | Reached XP level 1. HP: 18/18 MP: 3/3
    69 | D:1      | Reached skill level 2 in Maces & Flails
   192 | D:1      | Reached XP level 2. HP: 25/25 MP: 4/4
   385 | D:1      | Reached skill level 3 in Maces & Flails
   694 | D:1      | Reached XP level 3. HP: 30/31 MP: 5/5
   945 | D:2      | Found a radiant altar of Vehumet.
  1021 | D:2      | Noticed Jessica
  1026 | D:2      | Killed Jessica
  1036 | D:2      | Reached XP level 4. HP: 21/38 MP: 6/6
  1125 | D:2      | Reached skill level 4 in Maces & Flails
  1370 | D:2      | Found a runed translucent door.
  1371 | D:2      | Noticed Crazy Yiuf
  1829 | D:3      | Noticed Terence
  1846 | D:3      | Mangled by Terence

Illustrated notes

Levels and vault maps discovered:
D:1:      zelgadis_glass_arrival_small, layout_basic
D:2:      layout_basic, basic_altar, uniq_crazy_yiuf_cottage, uniq_jessica
D:3:      layout_loops_ring, led_sif_book, minmay_shallow_snake_nest,
          uniq_terence

Skill      XL: |  1  2  3  4 |
---------------+-------------+-----
Maces & Flails | 2 3 4 |  4.4
Fighting       | |  1.7
Throwing       | |  0.8
Armour         | |  1.2
Dodging        | |  1.3
Spellcasting   | |  1.7
Translocations | |  3.0

Action                     |  1- 3 |  4- 6 || total
---------------------------+-------+-------++-------
  Melee: Mace              |   105 |    87 ||   192
         Tailslap          |     9 |     8 ||    17
         Punch             |       |     3 ||     3
    Use: Potion            |       |     2 ||     2
   Stab: Sleeping          |       |     1 ||     1
 Armour: Leather armour    |    40 |    28 ||    68
  Dodge: Dodged            |    51 |    39 ||    90
